 Dungeon Crawl Stone Soup version 0.17-a0-2098-gf59d6bc (webtiles) character file.

1270 st0uf the Basher (level 8, -7/68 HPs)
             Began as a Minotaur Monk on Oct 17, 2015.
             Was a Priest of Ashenzari.
             Mangled by an orc warrior
             ... wielding a +0 flail
              (16 damage)
             ... on level 7 of the Dungeon.
             The game lasted 00:22:26 (5991 turns).

st0uf the Basher (Minotaur Monk)                    Turns: 5991, Time: 00:22:26

Health: -7/68      AC: 12    Str: 18    XL:     8   Next: 28%
Magic:  7/7        EV: 11    Int:  7    God:    Ashenzari [***...]
Gold:   295        SH:  0    Dex: 13    Spells: 0 memorised, 7 levels left

rFire  . . .     SeeInvis +     E - +0 mace (protect)
rCold  . . .     Clarity  .     f - +0 scale mail
rNeg   + . .     SustAt   +     (no shield)
rPois  .         Gourm    .     (helmet restricted)
rElec  .         Spirit   .     (no cloak)
rCorr  .         Warding  .     (no gloves)
rMut   .         Stasis   .     g - +0 pair of boots
MR     .....                    (no amulet)
Stlth  ..........               y - ring of sustain attributes
                                e - ring of positive energy

@: not resistant to hostile enchantments, extremely unstealthy
A: retaliatory headbutt, horns 2
a: Scrying, Renounce Religion


You were on level 7 of the Dungeon.
You worshipped Ashenzari.
Ashenzari was most pleased with you.
You were not hungry.

You visited 1 branch of the dungeon, and saw 7 of its levels.

You collected 295 gold pieces.

Inventory:

Hand Weapons
 c - a +0 club
 E - a +0 mace of protection (weapon)
Missiles
 h - 7 tomahawks
 l - 2 javelins (quivered)
 t - 14 poisoned needles
Armour
 a - a +0 robe
 f - a +0 scale mail (worn)
 g - a +0 pair of boots (worn)
 v - a +0 cloak
Jewellery
 e - a ring of positive energy (left hand)
 i - an uncursed ring of positive energy
 q - an uncursed ring of fire
 y - a ring of sustain attributes (right hand)
 C - an uncursed ring of flight
Wands
 A - a wand of confusion (26)
 F - a wand of magic darts (29)
 G - a wand of flame (24)
Scrolls
 d - a scroll of enchant armour {unknown}
 k - 2 scrolls of fear {unknown}
 m - 4 scrolls of remove curse
 o - 3 scrolls of random uselessness {unknown}
 p - 6 scrolls of identify {unknown}
 s - 4 scrolls of teleportation {unknown}
 w - 2 scrolls of recharging {unknown}
 B - a scroll of blinking {unknown}
Potions
 j - 2 potions of haste {unknown}
 r - a potion of flight
 u - 4 potions of curing
 x - 2 potions of lignification {unknown}
 z - a potion of cure mutation {unknown}
 D - a potion of heal wounds {unknown}
Comestibles
 b - 3 bread rations
 n - 2 meat rations
 H - 3 fruits
 I - 2 chunks of flesh


   Skills:
 - Level 5.0 Fighting
 + Level 11.2 Maces & Flails
 - Level 3.2 Dodging
 - Level 1.5 Stealth
 - Level 4.3 Unarmed Combat


You had 7 spell levels left.
You didn't know any spells.

Dungeon Overview and Level Annotations

Branches:
Dungeon (7/15)
 Temple: D:4-7

Altars:
Ashenzari
Ru
Sif Muna
Vehumet
The Shining One


Innate Abilities, Weirdness & Mutations

You reflexively headbutt those who attack you in melee.
You have a pair of horns on your head.


Message History

The orc warrior hits you with a flail!
Your scale mail prevents you from hitting the orc warrior.
The orc warrior is almost dead.
You closely miss the orc warrior.
You headbutt the orc warrior, but do no damage.
The orc warrior is almost dead.
The orc warrior barely misses you. You furiously retaliate!
You headbutt the orc warrior, but do no damage.
You closely miss the orc warrior.
The orc warrior is almost dead.
The orc warrior hits you with a flail!
* * * LOW HITPOINT WARNING * * *
You hit the orc warrior but do no damage.
Your headbutt misses the orc warrior.
The orc warrior is almost dead.
You hit the orc warrior but do no damage.
Your headbutt misses the orc warrior.
The orc warrior is almost dead.
The orc warrior hits you with a flail!
You die...

* ### ** * ####### #..
#.....# #.#*
#....>#######.# *,
###........).##.#
..#.....####)##.# * ,
#.#.....# #.##.#######
#.###.### #.@oo....... ,
#.# #.# ####.#......, #.#
#.# #.{...#.#.##
####<###.######.###.#,..,,
, ................ ,.. ..
* , , ###############.*
#.. *#. * * ,* * ### ** ,
* , , , ,, ,


You could see an orc warrior and an orc.

Vanquished Creatures
  A two-headed ogre (D:6)
  Grinder (D:3)
  The ghost of cireshan the Conjurer, an amateur DECj (D:4)
  A phantom (D:6)
  A centaur (D:5)
  An ogre (D:4)
  Blork the orc (D:6)
  A giant frog zombie (D:6)
  2 giant frog skeletons
  2 hounds
  A jelly (D:5)
  An orc wizard (D:7)
  Jessica (D:3)
  A worker ant (D:4)
  A worker ant zombie (D:5)
  6 adders
  An ooze (D:3)
  An adder skeleton (D:4)
  An adder zombie (D:5)
  3 worms (D:2)
  5 giant geckos
  7 orcs
  2 ball pythons
  5 bats
  5 giant cockroaches
  9 goblins
  9 hobgoblins
  16 jackals
  7 kobolds
  A quokka (D:3)
  4 giant newts
  5 rats
104 creatures vanquished.

Vanquished Creatures (others)
  A bush (D:5)
1 creature vanquished.

Grand Total: 105 creatures vanquished

Notes
Turn   | Place    | Note
--------------------------------------------------------------
     0 | D:1      | st0uf the Minotaur Monk began the quest for the Orb.
     0 | D:1      | Reached XP level 1. HP: 19/19 MP: 0/0
   168 | D:1      | Reached XP level 2. HP: 24/28 MP: 1/1
   239 | D:1      | Found a shattered altar of Ashenzari.
   252 | D:1      | Became a worshipper of Ashenzari the Shackled
   252 | D:1      | Reached * piety under Ashenzari
   252 | D:1      | Reached ** piety under Ashenzari
   686 | D:2      | Reached skill level 5 in Fighting
   758 | D:2      | Reached XP level 3. HP: 36/36 MP: 2/2
   787 | D:2      | Reached skill level 1 in Maces & Flails
  1560 | D:3      | Reached XP level 4. HP: 35/42 MP: 3/3
  1706 | D:3      | Noticed Grinder
  1722 | D:3      | Paralysed by Grinder for 4 turns
  1735 | D:3      | Paralysed by Grinder for 6 turns
  1742 | D:3      | Killed Grinder
  1742 | D:3      | Reached skill level 6 in Maces & Flails
  1742 | D:3      | Reached XP level 5. HP: 10/48 MP: 4/4
  1742 | D:3      | Reached XP level 6. HP: 11/56 MP: 5/5
  2211 | D:3      | Noticed Jessica
  2233 | D:3      | Killed Jessica
  2834 | D:4      | Reached skill level 7 in Maces & Flails
  2835 | D:4      | Found a glowing golden altar of the Shining One.
  3277 | D:4      | Noticed cireshan's ghost (amateur DECj)
  3468 | D:4      | Killed cireshan's ghost
  3468 | D:4      | Reached skill level 8 in Maces & Flails
  3468 | D:4      | Reached XP level 7. HP: 50/61 MP: 6/6
  3626 | D:4      | Found a deep blue altar of Sif Muna.
  4125 | D:5      | Entered Level 5 of the Dungeon
  4397 | D:5      | Reached skill level 9 in Maces & Flails
  4540 | D:5      | Reached *** piety under Ashenzari
  5085 | D:6      | Reached skill level 10 in Maces & Flails
  5119 | D:6      | Noticed Blork the orc
  5134 | D:6      | Killed Blork the orc
  5265 | D:6      | Found a radiant altar of Vehumet.
  5384 | D:6      | Noticed a two-headed ogre
  5397 | D:6      | Killed a two-headed ogre
  5397 | D:6      | Reached skill level 11 in Maces & Flails
  5397 | D:6      | Reached XP level 8. HP: 14/68 MP: 7/7
  5658 | D:6      | Found a sacrificial altar of Ru.
  5991 | D:7      | Mangled by an orc warrior

Vault maps used:
D:1:      lightli_arrival_boilingwater, evilmike_ruin_ashenzari
D:2:      st_stairs_3
D:3:      minmay_misc_feat_secret_circle, uniq_jessica, uniq_grinder
D:4:      nicolae_overflow_crystal_walls, lemuel_statue_altar
D:5:      first_bread, kb_lookout_dungeons_type
D:6:      lemuel_upstairs_altar, overflow_temple_1_default,
          vehumet_altar_wand_db, uniq_blork_the_orc
D:7:      zin_purify, lemuel_temple_firewalk

Action                   |  1- 3 |  4- 6 |  7- 9 || total
-------------------------+-------+-------+-------++-------
Melee: Unarmed           |    16 |       |       ||    16
       Club              |   119 |   117 |   145 ||   381
       Mace              |       |       |    25 ||    25
Throw: Javelin           |       |     5 |     4 ||     9
       Tomahawk          |       |       |     7 ||     7
  Use: Potion            |       |     5 |       ||     5
  Eat: Chunk             |     2 |     5 |     8 ||    15
       Pizza             |       |     1 |       ||     1
